 Dungeon Crawl Stone Soup version 0.23.0-3-gf3c87f2 (webtiles) character file.

Game seed: 6130663753608109148

1865 Hasart the Conjurer (level 8, -8/57 HPs)
             Began as a Demigod Wizard on Feb 25, 2019.
             Mangled by Harold
             ... wielding a +0 trident
              (24 damage)
             ... on level 7 of the Dungeon.
             The game lasted 00:28:45 (7370 turns).

Hasart the Conjurer (Demigod Wizard)                Turns: 7370, Time: 00:28:45

Health: -8/57      AC:  6    Str: 10    XL:     8   Next: 59%
Magic:  2/18       EV: 12    Int: 26    God:
Gold:   280        SH:  4    Dex: 14    Spells: 8/16 levels left

rFire    . . .     SeeInvis .   q - +2 trident (flame)
rCold    . . .     Gourm    .   (no shield)
rNeg     + . .     Faith    .   v - +2 robe {rN+}
rPois    .         Spirit   .   b - +0 hat
rElec    .         Reflect  +   y - +0 cloak
rCorr    .         Harm     .   t - +0 pair of gloves
MR       .....                  (no boots)
Stlth    ++........             i - +4 amulet of reflection
HPRegen  0.19/turn              (no ring)
MPRegen  0.16/turn              (no ring)

@: no status effects
A: high mp 1
a: no special abilities


You were on level 7 of the Dungeon.
You were not hungry.

You visited 1 branch of the dungeon, and saw 7 of its levels.

You collected 280 gold pieces.

Inventory:

Hand Weapons
 q - a +2 trident of flaming (weapon)
Armour
 b - a +0 hat (worn)
 t - a +0 pair of gloves (worn)
 v - a +2 robe of positive energy (worn)
 w - a +0 robe of fire resistance
 y - a +0 cloak (worn)
Jewellery
 i - a +4 amulet of reflection (around neck)
Wands
 a - a wand of disintegration (8)
Scrolls
 f - 5 scrolls of identify
 g - a scroll of fog {unknown}
 h - 2 scrolls of remove curse
 k - 2 scrolls of enchant weapon {unknown}
 l - 4 scrolls of teleportation
 p - a scroll of blinking {unknown}
 r - a scroll of amnesia {unknown}
 s - a scroll of magic mapping {unknown}
Potions
 c - 2 potions of brilliance {unknown}
 e - a potion of might {unknown}
 j - 3 potions of heal wounds
 m - a potion of berserk rage {unknown}
 n - 2 potions of agility {unknown}
 o - a potion of cancellation {unknown}
 u - a potion of resistance {unknown}
Comestibles
 d - 11 rations


   Skills:
 - Level 1.7 Dodging
 - Level 1.7 Stealth
 + Level 4.8 Spellcasting
 * Level 6.4 Conjurations
 + Level 4.1 Summonings
 - Level 0.8 Translocations
 + Level 3.8 Air Magic
 + Level 3.8 Poison Magic


You had 8 spell levels left.
You knew the following spells:

 Your Spells              Type           Power        Failure   Level  Hunger
a - Magic Dart            Conj           ####         1%          1    None
b - Blink                 Tloc           N/A          9%          2    None
c - Call Imp              Summ           ####....     2%          2    None
d - Mephitic Cloud        Conj/Pois/Air  ####....     3%          3    ##.....

Your spell library contained the following spells:

 Spells                   Type           Power        Failure   Level  Hunger
 Conjure Flame            Conj/Fire      ###.....     6%          3    ##.....
 Animate Skeleton         Necr           N/A          8%          1    None
 Pain                     Necr           #...         8%          1    None
 Slow                     Hex            #.......     12%         2    None
 Regeneration             Chrm/Necr      #.........   24%         3    ##.....
 Vampiric Draining        Necr           #.........   24%         3    ##.....
 Animate Dead             Necr           N/A          61%         4    ####...


Dungeon Overview and Level Annotations

Branches:
Dungeon (7/15)             Temple (0/1) D:4

Annotations:
D:7 Harold


Innate Abilities, Weirdness & Mutations

You have an increased reservoir of magic. (+10% MP)


Message History

Attack whom?
Press: ? - help, Dir - move target cursor, f/p - Harold
Aim: Harold, wielding a +0 trident and wearing a +0 scale mail (severely wounded, confused)
You reach to attack!
You hit Harold. You burn Harold.
Harold is severely wounded.
Harold cries.
A sky beast comes into view.
You puncture Harold! You burn Harold.
Harold is almost dead.
Harold hits you with a +0 trident!
* * * LOW HITPOINT WARNING * * *
Unknown command.
You hit Harold but do no damage.
Harold is almost dead.
Unknown command.
You puncture Harold! You burn Harold.
Harold is almost dead.
Harold shouts, "YES!"
Harold hits you with a +0 trident!!
You die...

####.###.########
#)##.........#
#)##.........#####
##)##)............######
#)...#'#<.........'.....
#....#............######
#....#.......###### #.
#....#.†.....# #.
#....#@@.....# #.
#....#.......# #.
#....#.......# #.
#....#.(.....# ##
#.......# #Y####### #$#
#.# #..


You could see Harold (confused) and a sky beast.

Vanquished Creatures
  Prince Ribbit (D:5)
  A hungry ghost (D:4)
  A sky beast (D:6)
  3 ogres
  A centaur (D:5)
  Blork the orc (D:5)
  2 bullfrogs
  4 wights
  2 crimson imps
  3 hounds
  4 orc priests
  A jelly (D:5)
  4 orc wizards
  2 bullfrog skeletons (D:4)
  Crazy Yiuf (D:5)
  Ijyb (D:5)
  4 worker ants
  A howler monkey skeleton (D:4)
  8 adders
  A shadow imp (D:4)
  2 oozes
  A worm (D:3)
  A dart slug (D:1)
  5 leopard geckos
  25 orcs
  A giant cockroach (D:6)
  9 hobgoblins
  2 jackals
  2 quokkas
  A ball python (D:2)
  5 bats
  8 goblins
  A jackal skeleton (D:4)
  5 kobolds
  A leopard gecko skeleton (D:5)
  3 rats
118 creatures vanquished.

Vanquished Creatures (collateral kills)
  An adder (D:4)
1 creature vanquished.

Vanquished Creatures (others)
  4 toadstools (D:1)
4 creatures vanquished.

Grand Total: 123 creatures vanquished

Notes
Turn   | Place    | Note
-------+----------+-------------------------------------------
     0 | D:1      | Hasart the Demigod Wizard began the quest for the Orb.
     0 | D:1      | Reached XP level 1. HP: 14/14 MP: 6/6
    40 | D:1      | Reached skill level 1 in Conjurations
   406 | D:1      | Reached XP level 2. HP: 20/20 MP: 5/8
   435 | D:1      | Learned a level 2 spell: Call Imp
   438 | D:1      | Learned a level 2 spell: Blink
   727 | D:1      | Reached skill level 2 in Conjurations
  1097 | D:2      | Reached skill level 1 in Summonings
  1097 | D:2      | Reached XP level 3. HP: 26/26 MP: 5/10
  1104 | D:2      | Learned a level 3 spell: Mephitic Cloud
  1217 | D:2      | Found a basalt altar of Yredelemnul.
  1269 | D:2      | Noticed an ogre
  1285 | D:2      | Killed an ogre
  1285 | D:2      | Reached skill level 3 in Conjurations
  1285 | D:2      | Reached skill level 1 in Poison Magic
  1285 | D:2      | Reached XP level 4. HP: 10/33 MP: 0/11
  1736 | D:3      | Reached skill level 1 in Air Magic
  1981 | D:3      | Reached XP level 5. HP: 38/38 MP: 9/13
  2244 | D:3      | Found a snail-covered altar of Cheibriados.
  2897 | D:4      | Found a staircase to the Ecumenical Temple.
  2937 | D:4      | Reached XP level 6. HP: 11/45 MP: 0/14
  2959 | D:5      | Entered Level 5 of the Dungeon
  2965 | D:5      | HP: 2/45 [centaur/arrow (7)]
  3583 | D:4      | Reached skill level 4 in Conjurations
  4232 | D:4      | Noticed a hungry ghost
  4263 | D:4      | Killed a hungry ghost
  4263 | D:4      | Reached XP level 7. HP: 41/50 MP: 12/16
  4612 | D:5      | Noticed Blork the orc
  4622 | D:5      | Noticed Ijyb
  4632 | D:5      | Noticed Prince Ribbit
  4885 | D:5      | Killed Prince Ribbit
  4885 | D:5      | Reached skill level 5 in Conjurations
  5431 | D:5      | Killed Blork the orc
  5510 | D:5      | Killed Ijyb
  5773 | D:5      | Reached XP level 8. HP: 57/57 MP: 3/17
  6033 | D:5      | Found a runed translucent door.
  6034 | D:5      | Noticed Crazy Yiuf
  6149 | D:5      | Killed Crazy Yiuf
  6724 | D:6      | Reached skill level 6 in Conjurations
  7324 | D:7      | Noticed Harold
  7370 | D:7      | Mangled by Harold

Skill      XL: |  1  2  3  4  5  6  7  8 |
---------------+-------------------------+-----
Conjurations   | 1 2 3 4 5 6 |  6.4
Spellcasting   | 3 4 |  4.8
Summonings     | 1 2 3 4 |  4.1
Poison Magic   | 1 2 3 |  3.8
Air Magic      | 1 2 3 |  3.8
Dodging        | |  1.7
Stealth        | |  1.7
Translocations | |  0.8

Action                   |  1- 3 |  4- 6 |  7- 9 || total
-------------------------+-------+-------+-------++-------
Melee: Unarmed           |     1 |       |       ||     1
       Spear             |     5 |       |       ||     5
       Trident           |       |    45 |   101 ||   146
 Cast: Magic Dart        |    59 |   125 |   127 ||   311
       Mephitic Cloud    |     2 |     6 |    24 ||    32
       Call Imp          |       |     6 |     7 ||    13
       Blink             |       |     1 |       ||     1
  Use: Scroll            |       |     3 |       ||     3
       Potion            |       |     1 |     1 ||     2
 Stab: Confused          |       |     2 |     6 ||     8
       Sleeping          |       |       |     1 ||     1
  Eat: Chunk             |     1 |    10 |    12 ||    23
Armor: Robe              |       |     7 |    30 ||    37
Dodge: Dodged            |     4 |    27 |    51 ||    82
Block: Other             |       |     2 |    13 ||    15
       Reflection        |       |       |     2 ||     2
